[Event "Snabb-SM för veteraner, 65+ 2019"]
[Site "Schackcentrum, Vegagatan 20, Gothenburg, Sweden"]
[Date "2019.10.05"]
[Round "3.4"]
[White "Bohlin, Jan"]
[Black "Landin, Bo"]
[Result "1/2-1/2"]
[TimeControl "15 minutes + 10 seconds per move from move one"]
[WhiteFideId "1758616"]
[BlackFideId "1705261"]
[WhiteElo "1794"]
[BlackElo "1959"]

1. c4 e6 2. Nc3 d5 3. d4 Nf6 4. cxd5 exd5 5. Bg5 Nbd7 6. e3 c6 7. Bd3 Bd6 8. Qc2 O-O 9. Bxh7+ Kh8 10.
Bf5 Qc7 11. Nf3 b5 12. a3 a5 13. O-O g6 14. Bd3 Nh7 15. Bh4 Ndf6 16. Rac1 Qb8 17. Rfe1 Bg4 18. Bg3 Bxf3 19. gxf3 Ng5 20.
Kg2 b4 21. axb4 axb4 22. Ne2 Bxg3 23. fxg3 Qc8 24. Rh1 Qh3+ 25. Kf2 Qh5 26. Ng1 Rac8 27. Kg2 Rfe8 28. h4 Ne6 29. Ne2 c5 30. dxc5 Rxc5 31. Qd2 Qe5 32.
f4 Qd6 33. Rxc5 Nxc5 34. Nd4 Nxd3 35. Qxd3 Ng4 36. Re1 Re4 37. Nf3 f6 38. Nh2 Nh6 39. Rc1 Nf5 40. Nf1 Qd7 41. Rd1 Qe6 42. Qxd5 Qxd5 43. Rxd5 Nxe3+ 44. Nxe3 Rxe3 45. Kf2 Rb3 46.
Rd2 Kg7 47. g4 Kh6 48. g5+ fxg5 49. hxg5+ Kh5 50. Ke1 Kg4 51. Rf2 Kf5 52. Kd1 Re3 53. Kd2 Rb3 54. Kc2 Re3 55. Kd2 Rb3 1/2-1/2

[Event "Snabb-SM för veteraner, 65+ 2019"]
[Site "Schackcentrum, Vegagatan 20, Gothenburg, Sweden"]
[Date "2019.10.05"]
[Round "3.5"]
[White "Green, Per"]
[Black "Alfven, Jorgen"]
[Result "1-0"]
[TimeControl "15 minutes + 10 seconds per move from move one"]
[WhiteFideId "1703811"]
[BlackFideId "1715950"]
[WhiteElo "1923"]
[BlackElo "1791"]

1. Nf3 Nf6 2. c4 e6 3. g3 d5 4. Bg2 c6 5. O-O Bd6 6. b3 O-O 7. Bb2 Nbd7 8. Nc3 a6 9. Qc2 Qe7 10.
Rac1 b5 11. cxd5 cxd5 12. d3 Bb7 13. Nd4 Rac8 14. Qd2 h6 15. e3 Ne5 16. f4 Nc6 17. Nf3 Bb4 18. Qe2 Rfd8 19. Nb1 Ba5 20.
Kh1 Bb6 21. Rc2 Nb4 22. Rxc8 Rxc8 23. Nc3 Ng4 24. d4 Nf6 25. Ne5 Ne4 26. Rc1 f6 27. Ng6 Qe8 28. a3 Nxc3 29. Bxc3 Nc6 30.
Nh4 Ne7 31. Qd2 Qd8 32. Bh3 f5 33. Nf3 Ng6 34. Bf1 Qd7 35. Bd3 Rc7 36. Bb4 Rxc1+ 37. Qxc1 a5 38. Bc5 Qc7 39. Bxb5 Qd8 40.
Kg2 Kh7 41. Bxb6 Qxb6 42. Qc5 Qd8 43. h4 Nf8 44. Ne5 Qa8 45. Qc7 Qc8 46. Qxc8 Bxc8 47. b4 axb4 48. axb4 Bb7 49. Be8 Bc8 50. b5 Kg8 51. b6 Nh7 52. Bd7 Bxd7 53. Nxd7 Nf6 54. Nxf6+ 1-0

[Event "Snabb-SM för veteraner, 65+ 2019"]
[Site "Schackcentrum, Vegagatan 20, Gothenburg, Sweden"]
[Date "2019.10.05"]
[Round "3.6"]
[White "Olsson, Tomas"]
[Black "Nyberg, Bo"]
[Result "1/2-1/2"]
[TimeControl "15 minutes + 10 seconds per move from move one"]
[WhiteFideId "1702696"]
[BlackFideId "1710583"]
[WhiteElo "1973"]
[BlackElo "1806"]

1. e4 e6 2. d4 d5 3. Nc3 Nf6 4. Bg5 Bb4 5. exd5 Qxd5 6. Nf3 Ne4 7. Bd2 Bxc3 8. bxc3 Nxd2 9. Qxd2 O-O 10.
Bd3 c5 11. Qe3 cxd4 12. cxd4 Nc6 13. O-O Qd6 14. Rfe1 Nb4 15. Rad1 Nxd3 16. Rxd3 Bd7 17. Ne5 Bc6 18. Nxc6 Qxc6 19.
Qe5 Qxc2 20. Rg3 g6 21. Qe3 Qb2 22. Rh3 Rfd8 23. Qh6 Qxd4 24. Qxh7+ Kf8 25. Rf3 Qg7 26. Qh4 Rd4 27. Qg5 Rd5 28. Qe3 Kg8 29. h3 b6 30.
Qe4 Rad8 31. Rfe3 Rd1 32. Kh2 Rxe1 33. Rxe1 Rd5 34. Qa4 1/2-1/2

[Event "Snabb-SM för veteraner, 65+ 2019"]
[Site "Schackcentrum, Vegagatan 20, Gothenburg, Sweden"]
[Date "2019.10.05"]
[Round "3.7"]
[White "Kvarby, Anders"]
[Black "Gunnarsson, Lennart"]
[Result "1-0"]
[TimeControl "15 minutes + 10 seconds per move from move one"]
[WhiteFideId "1746596"]
[BlackFideId "1715860"]
[WhiteElo "1887"]
[BlackElo "1769"]

1. d4 d5 2. c4 c6 3. Nf3 Nf6 4. cxd5 cxd5 5. Nc3 e6 6. Bf4 Bd6 7. Bxd6 Qxd6 8. e3 a6 9. Bd3 Nc6 10.
O-O O-O 11. Rc1 b5 12. Ne2 Bd7 13. Ng3 Rac8 14. Qd2 e5 15. dxe5 Nxe5 16. Be2 Bg4 17. Nxe5 Qxe5 18. Bxg4 Nxg4 19.
h3 Nf6 20. Ne2 Ne4 21. Qd4 Qxd4 22. Nxd4 g6 23. Rc6 Rxc6 24. Nxc6 Kg7 25. Nb4 Nf6 26. Nxa6 Ra8 27. Nb4 Rc8 28.
Rd1 Rd8 29. f3 Re8 30. Kf2 Rc8 31. Ke2 h5 32. Nxd5 Nxd5 33. Rxd5 Rc2+ 34. Rd2 Rc1 35. b3 Rg1 36. Kd3 Rc1 37.
Rc2 Rd1+ 38. Kc3 Kf6 39. a4 bxa4 40. bxa4 Ra1 41. Kb3 Ke6 42. Ra2 Re1 43. e4 Rb1+ 44. Kc4 Ke5 45. a5 Rb8 46. a6 Ra8 47. a7 Kd6 48.
Kd4 h4 49. f4 f6 50. e5+ fxe5+ 51. fxe5+ Ke7 52. Ra6 Ke8 1-0

[Event "Snabb-SM för veteraner, 65+ 2019"]
[Site "Schackcentrum, Vegagatan 20, Gothenburg, Sweden"]
[Date "2019.10.05"]
[Round "3.8"]
[White "Olesen, Christer"]
[Black "Degerfeldt, Sven"]
[Result "1/2-1/2"]
[TimeControl "15 minutes + 10 seconds per move from move one"]
[WhiteFideId "1739069"]
[BlackFideId "1717430"]
[WhiteElo "1809"]
[BlackElo "1822"]

1. d4 d5 2. Bf4 Nf6 3. e3 c6 4. c3 Bf5 5. Nf3 Nbd7 6. h3 e6 7. Nbd2 h6 8. Be2 Be7 9. c4 O-O 10.
Qb3 Qb6 11. c5 Qxb3 12. axb3 a6 13. b4 Rac8 14. Nb3 Bd8 15. O-O Bc7 16. Bxc7 Rxc7 17. Rfe1 Re8 18. Ne5 Bc2 19. Nxd7 Nxd7 20.
Nd2 e5 21. Rac1 Bh7 22. Nf3 e4 23. Nd2 f5 24. Bd1 Rf8 25. f4 g5 26. g3 Nf6 27. Kf2 Rg7 28. Be2 Bg6 29. Rg1 Kh7 30.
Rg2 Re8 31. Rcg1 Bh5 32. g4 fxg4 33. hxg4 gxf4 34. gxh5 Rxg2+ 35. Rxg2 f3 36. Bxf3 exf3 37. Nxf3 Nxh5 38. Ne5 Rf8+ 39.
Ke2 Rf6 40. Kd3 Ng7 41. b3 Ne6 42. Rh2 Ng5 43. Ng4 Re6 44. Ne5 Kg7 45. Rf2 Rf6 46. Rg2 Kh7 47. Nd7 Rf7 48. Ne5 Re7 49. Ng4 h5 50. Ne5 Kh6 51.
Rf2 Ne4 52. Rf4 Rg7 53. Nf7+ Kh7 54. Ne5 Kh6 55. Nf7+ Kh7 56. Ne5 1/2-1/2

[Event "Snabb-SM för veteraner, 65+ 2019"]
[Site "Schackcentrum, Vegagatan 20, Gothenburg, Sweden"]
[Date "2019.10.05"]
[Round "3.9"]
[White "Olsson, Torgny"]
[Black "Gustavsson, Sture"]
[Result "1-0"]
[TimeControl "15 minutes + 10 seconds per move from move one"]
[WhiteFideId "1717340"]
[BlackFideId "1710168"]
[WhiteElo "1716"]
[BlackElo "1930"]

1. d4 Nf6 2. Bf4 g6 3. e3 Bg7 4. c3 O-O 5. Nd2 d6 6.
Ngf3 Nbd7 7. Bd3 Re8 8. h4 h5 9. Qc2 e5 10. Bg5 Qe7 11. O-O-O d5 12. dxe5 Nxe5 13. Nxe5 Qxe5 14. f4 Qxe3 15.
f5 Qg3 16. fxg6 fxg6 17. Bxg6 Re2 18. Rhf1 Ng4 19. Bf7+ Kh8 20. Qg6 Nh6 21. Bxd5 Qd6 22. Bf6 Re7 23. Bxg7+ Rxg7 24. Rf8+ Qxf8 25.
Qxh6+ Qd6 1-0

[Event "Snabb-SM för veteraner, 65+ 2019"]
[Site "Schackcentrum, Vegagatan 20, Gothenburg, Sweden"]
[Date "2019.10.05"]
[Round "4.1"]
[White "Stroem, Leif"]
[Black "Andersson, Kaj"]
[Result "1-0"]
[TimeControl "15 minutes + 10 seconds per move from move one"]
[WhiteFideId "1709410"]
[BlackFideId "1709860"]
[WhiteElo "2014"]
[BlackElo "2083"]

1. c4 c6 2. g3 Nf6 3. Bg2 d5 4. Nf3 Nbd7 5. O-O e6 6.
b3 g6 7.
Bb2 Bg7 8. d3 O-O 9. Nbd2 Qc7 10.
e4 dxe4 11. dxe4 Ne8 12. Qc2 Bxb2 13. Qxb2 Ng7 14. Rad1 b6 15. e5 Bb7 16. Ne4 Rfd8 17. Rd2 c5 18. Nd6 Bc6 19. Rfd1 a6 20. Ng5 Ra7 21. Bxc6 Qxc6 22. Ndxf7 Rf8 23. Nh6+ Kh8 24. Ngf7+ Rxf7 25.
Nxf7+ Kg8 26. Rd6 Qc8 27. Ng5 h6 28. Nxe6 Nxe6 29. Rxe6 Nf8 30. Rxb6 Qg4 31. Qd2 Rf7 32. Qd5 Kg7 33.
Rb7 Ne6 34. Rxf7+ Kxf7 35. f3 Qf5 36. g4 Qc2 37. Qd2 Qxd2 38. Rxd2 Nd4 39. Kf2 Ke6 40. f4 1-0

[Event "Snabb-SM för veteraner, 65+ 2019"]
[Site "Schackcentrum, Vegagatan 20, Gothenburg, Sweden"]
[Date "2019.10.05"]
[Round "4.2"]
[White "Green, Per"]
[Black "Wahlstrom, Lennart"]
[Result "1/2-1/2"]
[TimeControl "15 minutes + 10 seconds per move from move one"]
[WhiteFideId "1703811"]
[BlackFideId "1706829"]
[WhiteElo "1923"]
[BlackElo "2109"]

1. Nf3 d5 2. c4 e6 3. g3 c5 4. cxd5 exd5 5. d4 Nc6 6. Bg2 Nf6 7. O-O Be7 8. dxc5 Bxc5 9. Qc2 Be7 10.
Nc3 O-O 11. Rd1 Be6 12. a3 Rc8 13. Qa4 Qa5 14. Nd4 Qxa4 15. Nxa4 Nxd4 16. Rxd4 Rc2 17. Bf3 Rfc8 18. Bg5 b5 19.
Nc3 Rxb2 20. Nd1 Rb3 21. Ne3 Bc5 22. Rdd1 d4 23. Nc2 d3 24. Ne3 dxe2 25. Bxe2 Ne4 26. Bf4 g5 27. Be5 Bxe3 28.
fxe3 Rxe3 29. Bxb5 f6 30. Bd4 Rb3 31.
a4 Kg7 32. Bxa7 Bg4 33. Rd4 Nf2 34. Bd7 Nh3+ 35. Kf1 Bxd7 36. Rxd7+ Kg6 37. Rd2 Rbc3 38. Kg2 g4 39. a5 Ng5 40. Rf1 Nf3 41. Re2 Ra3 42. Bb6 h5 43.
h3 Rcc3 44. hxg4 hxg4 45. Rd1 Ne5 46.
Bf2 Rcb3 47. Rd6 Rxa5 48. Bd4 Kf5 49. Bxe5 Rxe5 50. Rf2+ Ke4 51. Rdxf6 Re3 52. R6f4+ Kd5 53. Rxg4 Re2 54. Rgf4 Rxf2+ 55. Rxf2 Ke6 56. g4 Re3 57. g5 Ra3 58. g6 Ra5 59. Kh3 Rg5 60.
Rg2 Rxg2 61. Kxg2 Kf6 1/2-1/2

[Event "Snabb-SM för veteraner, 65+ 2019"]
[Site "Schackcentrum, Vegagatan 20, Gothenburg, Sweden"]
[Date "2019.10.05"]
[Round "4.3"]
[White "Olsson, Torgny"]
[Black "Dolata, Henryk"]
[Result "0-1"]
[TimeControl "15 minutes + 10 seconds per move from move one"]
[WhiteFideId "1717340"]
[BlackFideId "1709046"]
[WhiteElo "1716"]
[BlackElo "2064"]

1. d4 e6 2. Nf3 Nf6 3. Bf4 d5 4. e3 Be7 5. c3 O-O 6. Bd3 Nbd7 7. Nbd2 b6 8. Ne5 Bb7 9. Qf3 Nxe5 10.
dxe5 Nd7 11. Qh5 g6 12. Qh3 Nc5 13. Bc2 Ba6 14. O-O-O Be2 15. Rde1 Bd3 16. Nf3 b5 17. Qh6 Re8 18.
Ng5 Bxg5 19. Bxg5 f6 20. Bxf6 Qd7 21. f3 Bxc2 22. Kxc2 Qf7 23. h4 Nd7 24. h5 Nxf6 25. exf6 Qxf6 26. hxg6 Qxg6+ 27. Qxg6+ hxg6 28. Rh2 Kg7 29. Reh1 Kf6 30. Kd3 c5 31.
e4 Red8 32. g4 Ke5 33. exd5 exd5 34. Ke3 d4+ 35. cxd4+ Rxd4 36. Rh6 Kf6 37. R1h2 Re8+ 38. Kf2 Kg5 39. Rh7 a5 40. Kg3 Rf8 41.
Rc7 Rc4 42. Rd7 a4 43. Rd5+ Kf6 44. Re2 b4 45. g5+ Kg7 46. Rd7+ Rf7 47. Rxf7+ Kxf7 48. f4 a3 49. bxa3 Rc3+ 50.
Kg4 Rxa3 51. Kh4 c4 52. Rb2 Ra4 0-1

[Event "Snabb-SM för veteraner, 65+ 2019"]
[Site "Schackcentrum, Vegagatan 20, Gothenburg, Sweden"]
[Date "2019.10.05"]
[Round "4.4"]
[White "Fransson, Lennart"]
[Black "Bohlin, Jan"]
[Result "1-0"]
[TimeControl "15 minutes + 10 seconds per move from move one"]
[WhiteFideId "1706756"]
[BlackFideId "1758616"]
[WhiteElo "1983"]
[BlackElo "1794"]

1. c4 Nf6 2. g3 e6 3. Bg2 d5 4. Nf3 Be7 5. O-O O-O 6. Qc2 Nbd7 7. b3 b6 8. Bb2 Bb7 9. d3 c5 10.
e3 Qc7 11. Nc3 a6 12. cxd5 Nxd5 13. Nxd5 Bxd5 14. b4 Rac8 15. e4 Bc6 16. bxc5 Nxc5 17. Rac1 Qb7 18. Ne5 Ba4 19. Qe2 Bf6 20.
d4 Nd7 21. Nd3 Be7 22. e5 Bc6 23. f4 Bxg2 24. Qxg2 Qxg2+ 25. Kxg2 Nb8 26. Kf3 Nc6 27. Rf2 Rfd8 28. Ke4 Na7 29.
Rfc2 Rxc2 30. Rxc2 Rc8 31. Rxc8+ Nxc8 32. d5 exd5+ 33. Kxd5 Na7 34. a4 Kf8 35.
Bd4 Bd8 36. Nb4 Be7 37. Nxa6 Bd8 38. Nb4 Nc8 39. Kc6 Ke7 40. f5 h5 41. Nd5+ Ke8 42. f6 gxf6 43. exf6 Na7+ 44. Kb7 b5 45.
Bxa7 bxa4 46. Kc6 a3 47. Bd4 Ba5 48. Kd6 Bd2 49. Ke5 Kd7 50. Nc3 Be1 51. Kf5 Bd2 52. h3 Be1 53. g4 hxg4 54.
hxg4 Kc6 55. g5 1-0

[Event "Snabb-SM för veteraner, 65+ 2019"]
[Site "Schackcentrum, Vegagatan 20, Gothenburg, Sweden"]
[Date "2019.10.05"]
[Round "4.5"]
[White "Landin, Bo"]
[Black "Kvarby, Anders"]
[Result "1/2-1/2"]
[TimeControl "15 minutes + 10 seconds per move from move one"]
[WhiteFideId "1705261"]
[BlackFideId "1746596"]
[WhiteElo "1959"]
[BlackElo "1887"]

1. e4 d5 2. exd5 Qxd5 3. Nc3 Qa5 4. Nf3 Nf6 5. d4 Bf5 6. Bd2 c6 7. Bc4 e6 8. O-O Qc7 9. Re1 Be7 10.
Bb3 Nbd7 11. Qe2 h6 12. Rad1 O-O 13. g3 Bd6 14. Ne5 Nb6 15. Bf4 a5 16. a3 a4 17. Ba2 Nbd5 18. Nxd5 Nxd5 19.
Bc1 Rad8 20. c3 Nf6 21. Qc4 Ne4 22. Nf3 b5 23. Qe2 Nf6 24. Ne5 Kh7 25. f3 Kh8 26. Kg2 Qb7 27. g4 Bh7 28.
h3 c5 29. dxc5 Bxc5 30. Be3 Bd6 31. Bd4 Nd5 32. Bxd5 exd5 33. Nd3 Qc7 34. Ne5 f6 35. Nd3 Qc4 36. Nc1 Bg6 37. Qxc4 dxc4 38.
Ne2 Rfe8 39. Ng3 Bc2 40. Rxe8+ Rxe8 41. Rd2 Bd3 42. Kf2 Bf4 43. Rd1 Bc2 44. Rg1 Kg8 45. Nh5 Bc7 46. Re1 Rxe1 47. Kxe1 Kf7 48. Bf2 g6 49. Bg3 Bb6 50. Nf4 Be3 51.
Nd5 Bc1 52. Nc7 Bxb2 53. Nxb5 Ke6 54. Kd2 Bd3 55. Bf2 f5 56. Be3 fxg4 57. fxg4 g5 58. Bc5 Bf1 59. Kc2 Bxh3 60. Kxb2 Bxg4 61.
Kc2 Bf5+ 62. Kd2 h5 63. Nd4+ Kf6 64. Nxf5 Kxf5 65. Ke2 Ke4 66. Kf2 Kd3 67. Bb4 h4 68. Kf3 h3 69. Kg3 g4 70. Ba5 Kd2 71. Bb4 Kc2 72.
Ba5 Kb2 73. Bb4 Kb3 74. Kh2 Kb2 75. Kg3 Kb3 1/2-1/2

[Event "Snabb-SM för veteraner, 65+ 2019"]
[Site "Schackcentrum, Vegagatan 20, Gothenburg, Sweden"]
[Date "2019.10.05"]
[Round "4.6"]
[White "Olesen, Christer"]
[Black "Przysuski, Feliks"]
[Result "0-1"]
[TimeControl "15 minutes + 10 seconds per move from move one"]
[WhiteFideId "1739069"]
[BlackFideId "1712489"]
[WhiteElo "1809"]
[BlackElo "2008"]

1. d4 Nf6 2. Bf4 e6 3. e3 d5 4. Nf3 Bd6 5. Bg3 Ne4 6. Bd3 f5 7. Nbd2 O-O 8. Ne5 Nd7 9. Ndf3 c5 10.
c3 cxd4 11. exd4 f4 12. Bh4 Qe8 13. Qe2 Bxe5 14. dxe5 Ndc5 15.
O-O-O Nxd3+ 16. Rxd3 Bd7 17. Nd4 Bb5 18. Nxb5 Qxb5 19. Qd1 Rac8 20. f3 Nc5 21. Rd4 Nd7 22. Be7 Rf5 23. Bd6 Nxe5 24.
Re1 Nc4 25. Rxc4 dxc4 26. Rxe6 Rd5 27. Qe2 Rd8 28. Ba3 Rd1+ 29. Qxd1 Rxd1+ 30. Kxd1 Qd5+ 0-1

[Event "Snabb-SM för veteraner, 65+ 2019"]
[Site "Schackcentrum, Vegagatan 20, Gothenburg, Sweden"]
[Date "2019.10.05"]
[Round "4.7"]
[White "Degerfeldt, Sven"]
[Black "Olsson, Tomas"]
[Result "1/2-1/2"]
[TimeControl "15 minutes + 10 seconds per move from move one"]
[WhiteFideId "1717430"]
[BlackFideId "1702696"]
[WhiteElo "1822"]
[BlackElo "1973"]

1. d4 Nf6 2. Nf3 g6 3. b3 Bg7 4. Bb2 c5 5. e3 b6 6. Be2 Bb7 7. O-O O-O 8. c4 cxd4 9. exd4 d5 10. Nbd2 Nc6 11. Rc1 Rc8 12.
c5 bxc5 13. Rxc5 Re8 14. Bb5 Qb6 15. Bxc6 Rxc6 16. Rxc6 Bxc6 17. Ne5 Bb5 18. Re1 e6 19. a4 Ba6 20. Ndf3 Re7 21. Ba3 Rc7 22.
Bc5 Qb8 23. b4 Qe8 24. b5 Bc8 25. Nd2 Nd7 26. Nxd7 Qxd7 27. Nf3 Rb7 28. Ne5 Qc7 29. Qd2 Bd7 30. Rc1 Qd8 31. Qb4 Be8 32.
Qe1 Rc7 33. f4 Qc8 34. Qa5 g5 35. g3 h6 36. Rc3 f6 37. Nd3 Bg6 38. Nb4 e5 39. Nc6 Qg4 40. Rc1 Qe2 41. Qe1 Qf3 42.
Qc3 Bd3 43. Ne7+ Rxe7 44. Bxe7 Qe3+ 45. Kg2 Qe2+ 46. Kg1 Qe3+ 1/2-1/2

[Event "Snabb-SM för veteraner, 65+ 2019"]
[Site "Schackcentrum, Vegagatan 20, Gothenburg, Sweden"]
[Date "2019.10.05"]
[Round "4.8"]
[White "Nyberg, Bo"]
[Black "Herrman, Jan"]
[Result "1-0"]
[TimeControl "15 minutes + 10 seconds per move from move one"]
[WhiteFideId "1710583"]
[BlackFideId "1731882"]
[WhiteElo "1806"]
[BlackElo "1929"]

1. d4 Nf6 2. Bf4 e6 3. e3 d5 4. c3 Bd6 5. Bg3 O-O 6. Nd2 b6 7. Ngf3 c5 8. Ne5 Qc7 9. f4 Ba6 10.
Bxa6 Nxa6 11. O-O Rac8 12. Kh1 b5 13. Qe2 Qb7 14. Bh4 Ne8 15. a4 b4 16. Qb5 Qxb5 17. axb5 Nac7 18. Nd7 Nxb5 19.
Nxf8 Kxf8 20. c4 dxc4 21. Nxc4 Bb8 22. dxc5 Rxc5 23. b3 Nf6 24. Bxf6 gxf6 25. Rfd1 Ke7 26. Rd3 e5 27. g3 Ke6 28.
Rad1 Nc3 29. Ra1 Ne4 30. Kg2 exf4 31. exf4 Nc3 32. Re1+ Kf5 33. Kf3 h5 34. h3 Kg6 35. g4 hxg4+ 36. hxg4 Nd5 37. f5+ Kg7 38. Ne3 Nf4 39. Rd4 Rb5 40. Rxf4 Bxf4 41. Kxf4 Rc5 42. Nc4 a5 43. Ra1 Rd5 44.
Nxa5 Rd4+ 45. Kg3 Kh6 46. Rh1+ Kg7 47. Rc1 Kh6 48. Rc4 Rd5 49. Nc6 Rd3+ 50. Kf4 Rxb3 51. Rxb4 Rc3 52. Nd8 Rc1 53.
Rb3 Kg7 54. Rb7 Rf1+ 55. Kg3 Rg1+ 56. Kh2 Rxg4 57. Rxf7+ Kg8 58. Rxf6 Kg7 59. Kh3 Rg1 60. Rb6 Rf1 61. Ne6+ Kf6 62.
Nd4+ Ke5 63. Rb4 Rd1 1-0

[Event "Snabb-SM för veteraner, 65+ 2019"]
[Site "Schackcentrum, Vegagatan 20, Gothenburg, Sweden"]
[Date "2019.10.05"]
[Round "4.9"]
[White "Nilsson, Weine"]
[Black "Alfven, Jorgen"]
[Result "1/2-1/2"]
[TimeControl "15 minutes + 10 seconds per move from move one"]
[WhiteFideId "1716727"]
[BlackFideId "1715950"]
[WhiteElo "1847"]
[BlackElo "1791"]

1. Nf3 Nf6 2. g3 d5 3. Bg2 e6 4. O-O c5 5. d3 Nc6 6. Nbd2 Be7 7. e4 dxe4 8. dxe4 O-O 9. c3 Qc7 10.
Re1 Rb8 11. a4 a6 12. Nc4 e5 13. a5 Be6 14. Qa4 Bxc4 15. Qxc4 Nxa5 16. Qe2 Nb3 17. Rb1 Nxc1 18. Rexc1 b5 19.
Nh4 g6 20. b4 Rfd8 21. Ra1 Qb6 22. Nf3 Nd7 23. Bh3 cxb4 24. Rd1 Rb7 25. cxb4 f6 26. Rd5 Nf8 27. Qd3 Rxd5 28. Qxd5+ Kg7 29.
Bc8 Ra7 30. Qb3 a5 31. bxa5 Rxa5 32. Rxa5 Qxa5 33. Kg2 b4 34. Nd2 Qc7 1/2-1/2

[Event "Snabb-SM för veteraner, 65+ 2019"]
[Site "Schackcentrum, Vegagatan 20, Gothenburg, Sweden"]
[Date "2019.10.05"]
[Round "5.1"]
[White "Wahlstrom, Lennart"]
[Black "Stroem, Leif"]
[Result "0-1"]
[TimeControl "15 minutes + 10 seconds per move from move one"]
[WhiteFideId "1706829"]
[BlackFideId "1709410"]
[WhiteElo "2109"]
[BlackElo "2014"]

1. e4 g6 2. d4 Bg7 3. Nf3 d6 4.
Be2 Nd7 5. O-O e5 6. dxe5 Nxe5 7. Nxe5 Bxe5 8. Nc3 Be6 9. f4 Bxc3 10. bxc3 Ne7 11. Bd3 Qd7 12. Qf3 O-O-O 13. c4 f5 14.
Rb1 Qc6 15. Be3 b6 16. Rfe1 Bxc4 17. Bd4 Rhf8 18. Bxc4 Qxc4 19. c3 Nc6 20. Bg7 Rf7 21. Bh6 fxe4 22. Rxe4 Qc5+ 23. Kh1 Ne5 24.
Qh3+ Nd7 25. Rbe1 Qf5 26. Qxf5 Rxf5 27. Re7 Rh5 28. Bg5 h6 29. g4 Rh3 30. Rh7 hxg5 31.
Rxh3 gxf4 32. Rh6 Ne5 33. g5 f3 34. Rf1 Rf8 35. h4 f2 36. Rh7 Ng4 37. h5 gxh5 38. g6 Rg8 39. g7 Kd7 40.
Kg2 Ne3+ 41. Kxf2 Nxf1 42. Kxf1 Ke6 43. Ke2 Kf7 44. Kd3 Rxg7 45. Rxh5 Ke6 46. Kc4 a6 47. a4 Rf7 48.
Rh8 Rf4+ 49. Kb3 b5 50.
axb5 axb5 51. Rh6+ Kd5 52. Rh5+ Kc6 53. Rh6 Kc5 54. Rh5+ d5 55. Rh7 c6 56. Rh6 b4 57. cxb4+ Rxb4+ 58. Kc3 Rg4 59. Rh5 Rg3+ 60. Kc2 Kc4 61. Rh4+ d4 62. Kd2 Rg2+ 63. Ke1 c5 64. Kd1 Kc3 0-1

[Event "Snabb-SM för veteraner, 65+ 2019"]
[Site "Schackcentrum, Vegagatan 20, Gothenburg, Sweden"]
[Date "2019.10.05"]
[Round "5.2"]
[White "Dolata, Henryk"]
[Black "Fransson, Lennart"]
[Result "0-1"]
[TimeControl "15 minutes + 10 seconds per move from move one"]
[WhiteFideId "1709046"]
[BlackFideId "1706756"]
[WhiteElo "2064"]
[BlackElo "1983"]

1. e4 c6 2. d4 d5 3. e5 Bf5 4. g4 Be4 5. f3 Bg6 6. h4 h5 7. e6 Qd6 8. exf7+ Bxf7 9. Ne2 Nd7 10. Nbc3 e5 11. Bg2 hxg4 12. fxg4 O-O-O 13. dxe5 Qxe5 14.
Bf4 Qe6 15. Qd4 Bc5 16. Qxg7 Ngf6 17. g5 Rdg8 18. Qxh8 Rxh8 19. gxf6 Qxf6 20. O-O-O Bd6 21. Bg5 Qg7 22. Kb1 Bh5 23.
Rde1 Kc7 24. Nd4 Bg4 25. Bf3 Qxd4 26. Rd1 Qb4 27. a3 Qc4 28. Rhf1 Bxf3 29. Rxf3 Rf8 30. Rfd3 Ne5 31. Rd4 Qa6 32.
Bh6 Rf7 33. Rh1 Nc4 34. Bc1 Be5 35. Rd3 b5 36. h5 Qc8 37. h6 a5 38. h7 Qh8 39. Rdh3 Nd6 40. Bd2 Ne8 41. Nd1 Kb6 42.
Ne3 Nf6 43. Rf1 Rxh7 44. Rhf3 Rh1 45. Bc1 Rxf1 46. Rxf1 Ne4 47. Re1 Nd6 48. Ng4 Bg7 49. Re6 Nc4 50. Re1 Bxb2 51. Bf4 Bxa3 52.
Ne5 Nxe5 53. Bxe5 Qh4 54. Bc3 Bb4 0-1

[Event "Snabb-SM för veteraner, 65+ 2019"]
[Site "Schackcentrum, Vegagatan 20, Gothenburg, Sweden"]
[Date "2019.10.05"]
[Round "5.3"]
[White "Przysuski, Feliks"]
[Black "Green, Per"]
[Result "1/2-1/2"]
[TimeControl "15 minutes + 10 seconds per move from move one"]
[WhiteFideId "1712489"]
[BlackFideId "1703811"]
[WhiteElo "2008"]
[BlackElo "1923"]

1. e4 e6 2. d4 d5 3. Nd2 Nf6 4. e5 Nfd7 5. f4 c5 6. c3 cxd4 7.
cxd4 Nc6 8. Ndf3 a5 9. Bd3 a4 10. Ne2 a3 11. O-O axb2 12. Bxb2 Nb6 13. Nd2 Na4 14. Rb1 Nb4 15. Bb5+ Bd7 16.
Bxd7+ Qxd7 17. Qb3 Nxb2 18. Rxb2 Rb8 19. a3 Nc6 20. Kh1 g6 21. a4 Be7 22. Qb5 Bd8 23. Rc1 Na5 24. Qxd7+ Kxd7 25.
Nb3 Nxb3 26. Rxb3 Ba5 27. Rcb1 b6 28. g3 Rhc8 29. R1b2 Rc4 30. Kg2 Rxa4 31. Kf3 Rc8 32. Ke3 Rac4 33.
Kd3 R8c6 34. Ra2 h5 35. Rb5 Kc7 36. Rb3 Kd7 37.
Rb5 Rc7 38. Rb3 Ra7 39. Rab2 Ra4 40. Nc3 Bxc3 41. Rxc3 Rb7 42. Rcb3 Ra6 43. Rc2 b5 44. Rcb2 Ra5 45. Kc3 Kc6 46.
Kd3 Ra4 47. Rb4 Rxb4 48. Rxb4 Ra7 49. Rb3 Ra1 50. h4 Rg1 51. Kc2 Rg2+ 52. Kc1 Kb6 53. Ra3 b4 54. Ra8 Rxg3 55. Rf8 Rg4 56.
Rxf7 Rxh4 57. Rf6 Kc7 58. Rxe6 Rxf4 59. Rxg6 Rxd4 60. Rg7+ Kd8 61. e6 h4 62. Rh7 Re4 63. Rd7+ Ke8 64. Rxd5 h3 65. Rh5 Re3 66. Kd2 Rg3 67. Rh7 b3 68.
Kc1 Re3 69. Kb1 Rg3 70. Kb2 Kf8 71. e7+ Ke8 72. Kb1 Rg1+ 73. Kb2 Rg3 74. Kb1 Re3 75. Kb2 Kd7 76. Kb1 Rf3 77. Kb2 Rg3 78.
Kb1 Ke8 79. Kb2 Rf3 80. Kb1 Rf1+ 81. Kb2 Rf7 82. Kb1 1/2-1/2

[Event "Snabb-SM för veteraner, 65+ 2019"]
[Site "Schackcentrum, Vegagatan 20, Gothenburg, Sweden"]
[Date "2019.10.05"]
[Round "5.4"]
[White "Andersson, Kaj"]
[Black "Landin, Bo"]
[Result "1/2-1/2"]
[TimeControl "15 minutes + 10 seconds per move from move one"]
[WhiteFideId "1709860"]
[BlackFideId "1705261"]
[WhiteElo "2083"]
[BlackElo "1959"]

1. e4 e6 2. d4 d5 3. Nc3 dxe4 4. Nxe4 Nd7 5. Nf3 Ngf6 6. Ng3 b6 7. Bd3 Bb7 8. O-O Be7 9. Re1 O-O 10. c4 c5 11. dxc5 Nxc5 12.
Ne5 Nxd3 13. Qxd3 Qxd3 14. Nxd3 Rfd8 15. Nf4 Bb4 16. Rf1 Ng4 17. h3 Ne5 18. b3 Bd2 19. Bxd2 Rxd2 20. Rfe1 Nd3 21.
Nxd3 Rxd3 22. Rad1 Rad8 23. Rxd3 Rxd3 24. f3 Rd2 25. Re2 Bc8 1/2-1/2

[Event "Snabb-SM för veteraner, 65+ 2019"]
[Site "Schackcentrum, Vegagatan 20, Gothenburg, Sweden"]
[Date "2019.10.05"]
[Round "5.5"]
[White "Kvarby, Anders"]
[Black "Nyberg, Bo"]
[Result "1/2-1/2"]
[TimeControl "15 minutes + 10 seconds per move from move one"]
[WhiteFideId "1746596"]
[BlackFideId "1710583"]
[WhiteElo "1887"]
[BlackElo "1806"]

1. d4 d5 2. c4 c6 3. Nf3 e6 4. Bf4 f5 5. e3 Nf6 6. Nbd2 Be7 7. Be2 O-O 8. h3 Ne4 9. Ne5 Bb4 10.
Nef3 Nd7 11. a3 Ba5 12. Qc2 g5 13. Be5 Nxe5 14. dxe5 g4 15. b4 gxf3 16. gxf3 Nxd2 17. bxa5 Nxf3+ 18. Bxf3 Qxa5+ 19. Ke2 dxc4 20. Bh5 Qxe5 21. f4 Qf6 22. Rhg1+ Kh8 23. Rad1 b5 24. Rg3 Ba6 25. Rd7 Rg8 26.
Rg5 Rxg5 27. fxg5 Qe5 28. Kf3 c5 29. Qd2 Qb8 30. Qc3+ Bb7+ 31. Kf2+ Qh2+ 32. Ke1+ Qb8 33. Ke2+ Ba6 34. Kf3+ e5 35. Qc2 e4+ 36.
Kg2 Qe5 37. Qd2 c3 38. Rd8+ Rxd8 39. Qxd8+ Kg7 40. Qd7+ Kh8 41. Qd8+ Kg7 42. Qd7+ Kh8 43. Qd8+ 1/2-1/2